 Dungeon Crawl Stone Soup version 0.22-a0-456-g11ed031 (webtiles) character file.

42 gmonis the Cudgeler (level 3, -1/49 HPs)
             Began as a Hill Orc Berserker on June 7, 2018.
             Was a Follower of Trog.
             Succumbed to a killer bee's poison
             ... on level 2 of the Dungeon.
             The game lasted 00:02:51 (1718 turns).

gmonis the Cudgeler (Hill Orc Berserker)            Turns: 1718, Time: 00:02:52

Health: -1/49      AC: 11    Str: 25    XL:     3   Next: 54%
Magic:  3/3        EV:  7    Int:  7    God:    Trog [*.....]
Gold:   62         SH:  0    Dex: 10    Spells: 2/2 levels left

rFire    . . .     SeeInvis .   a - +0 mace
rCold    . . .     Gourm    .   (no shield)
rNeg     . . .     Faith    .   p - +0 plate armour
rPois    .         Spirit   .   (no helmet)
rElec    .         Reflect  .   (no cloak)
rCorr    .         Harm     .   (no gloves)
MR       .....                  (no boots)
Stlth    ..........             (no amulet)
HPRegen  0.16/turn              (no ring)
MPRegen  0.08/turn              (no ring)

@: berserking, lethally poisoned (-1 -> -22), very quick
A: no striking features
a: Berserk, Renounce Religion


You were on level 2 of the Dungeon.
You worshipped Trog.
Trog was aware of your devotion.
You were not hungry.

You visited 1 branch of the dungeon, and saw 2 of its levels.

You collected 62 gold pieces.

Inventory:

Hand Weapons
 a - a +0 mace (weapon)
Missiles
 d - 94 stones (quivered)
Armour
 b - a +0 animal skin
 h - a +0 chain mail
 p - a +0 plate armour (worn)
Jewellery
 j - an uncursed ring of protection from fire {unknown}
 n - a cursed ring of flight {unknown}
Scrolls
 f - 2 scrolls of teleportation {unknown}
 g - 2 scrolls of identify {unknown}
 i - a scroll of amnesia {unknown}
 l - a scroll of fear {unknown}
Potions
 e - a potion of degeneration {unknown}
 k - a potion of invisibility {unknown}
 o - a potion of berserk rage {unknown}
Comestibles
 c - 2 rations


   Skills:
 - Level 3.8 Fighting
 + Level 4.7 Maces & Flails
 + Level 2.2 Armour
 - Level 1.6 Dodging


You had 2 spell levels left.
You didn't know any spells.
Your spell library was empty.

Dungeon Overview and Level Annotations

Branches:
Dungeon (2/15)

Altars:


Message History

* * * LOW HITPOINT WARNING * * *
You feel sick.
The killer bee stings you but does no damage.
The killer bee barely misses you. The killer bee stings you.
* * * LOW HITPOINT WARNING * * *
You hit the killer bee.
The killer bee is moderately wounded.
* * * LOW HITPOINT WARNING * * *
You feel sick.
The killer bee stings you but does no damage.
The killer bee stings you.
* * * LOW HITPOINT WARNING * * *
The killer bee stings you.
* * * LOW HITPOINT WARNING * * *
Really walk into that teleport trap?
Okay, then.
Really walk into that teleport trap?
You enter a teleport trap!
The teleport trap disappears.
Your surroundings seem slightly different.
You die...

..........##.#
#.....#
..........'.>#
#.....#
..........####
#.....#
.........(#
#####.....#
..........#
#.........#
..######+##
#.........#
#.#
#.......###
#.# #.......#
#.######.#
#..@....#
......##.#
#......ยง#
...##.##.#
#.....y.#
.#.##.##.#
#.....yy#
.#.##.##.#
###....y..
.#..#.##.#
+........
.##...##.#
#........
###..###.#
#.........
.........#
...........


You could see 4 killer bees.

Vanquished Creatures
  An ooze (D:2)
  A dart slug (D:2)
  3 leopard geckos
  5 bats
  A giant cockroach (D:1)
  4 goblins
  4 hobgoblins
  2 quokkas (D:2)
  A frilled lizard (D:1)
  4 kobolds
  4 rats (D:1)
30 creatures vanquished.

Notes
Turn   | Place    | Note
-------+----------+-------------------------------------------
     0 | D:1      | gmonis the Hill Orc Berserker began the quest for the Orb.
     0 | D:1      | Reached XP level 1. HP: 19/19 MP: 1/1
   441 | D:1      | Reached XP level 2. HP: 19/27 MP: 2/2
  1065 | D:1      | Reached skill level 4 in Maces & Flails
  1528 | D:2      | Reached XP level 3. HP: 29/33 MP: 3/3
  1706 | D:2      | Noticed a killer bee
  1707 | D:2      | Noticed a killer bee
  1707 | D:2      | Noticed a killer bee
  1708 | D:2      | Noticed a killer bee
  1717 | D:2      | HP: 1/49 [killer bee (4)]
  1718 | D:2      | Succumbed to a killer bee's poison

Vault maps used:
D:1:      dpeg_arrival_rhombus, lemuel_flame_loot_1
D:2:      first_ration

Skill      XL: |  1  2 |
---------------+-------+-----
Maces & Flails | 4 |  4.7
Fighting       | |  3.8
Armour         | |  2.2
Dodging        | |  1.6

Action                   || total
-------------------------++-------
Melee: Mace              ||    98
Invok: Berserk           ||     1
  Eat: Chunk             ||     3
Armor: Animal skin       ||     7
       Chain mail        ||    53
       Plate armour      ||    15
Dodge: Dodged            ||    72

Table legend:
 A = Spawn XP
 B = Non-spawn XP
 C = Spawn XP percentage of total XP
 D = Spawn monster count
 E = Non-spawn monster count
 F = Spawn count percentage of total count
 G = Total turns spent on level
                    A         B        C        D         E        F      G
               +---------+---------+-------+---------+---------+-------+---------
         Total |       0 |      60 |   0.0 |       0 |      30 |   0.0 |  1718
               +---------+---------+-------+---------+---------+-------+---------
           D:1 |       0 |      29 |   0.0 |       0 |      18 |   0.0 |  1517
           D:2 |       0 |      31 |   0.0 |       0 |      12 |   0.0 |   201
               +---------+---------+-------+---------+---------+-------+---------
